[Event "December 19 Early 2023"]
[Site "https://www.chess.com"]
[Date "2023.12.19"]
[Round "6"]
[White "Do Nascimento,Christian Almeida"]
[Black "Stillger, Bernhard"]
[Result "0-1"]
[Board "127"]
[TimeControl "180+1"]
[WhiteFideId "2143801"]
[BlackFideId "4610768"]
[WhiteElo "2118"]
[BlackElo "2252"]
[WhiteTeam "BRA"]
[BlackTeam "GER"]
[WhiteClock "0:00:11"]
[BlackClock "0:00:17"]

1. e4 c6 2. d4 d5 3. exd5 cxd5 4. c4 Nf6 5. Nc3 g6 6. Nf3 Bg7 7. h3 O-O 8. Bf4 Nc6 9. c5 Ne4 10. Be2 Qa5 11. O-O Nxc3 12. bxc3 Qxc3 13. Rc1 Qa5 14. Rb1 Qxa2 15. Re1 Nxd4 16. Nxd4 e5 17. Be3 exd4 18. Bxd4 Qa5 19. Bxg7 Kxg7 20. Qxd5 Rd8 21. Qe5+ Kg8 22. Bc4 Rf8 23. h4 Qd8 24. h5 Qh4 25. hxg6 hxg6 26. Re4 Qh5 27. Qf6 Bf5 28. Re7 Qh7 29. Rbxb7 Qg7 30. Bxf7+ Rxf7 31. Qxg7+ Rxg7 32. Rf7 Rxf7 0-1

[Event "December 19 Early 2023"]
[Site "https://www.chess.com"]
[Date "2023.12.19"]
[Round "6"]
[White "Matveeva, Olga"]
[Black "Kvaloy, Aksel Bu"]
[Result "0-1"]
[Board "128"]
[TimeControl "180+1"]
[WhiteFideId "24107018"]
[BlackFideId "1528815"]
[WhiteElo "1883"]
[BlackElo "2265"]
[WhiteTeam "RUS"]
[BlackTeam "NOR"]
[WhiteClock "0:00:37"]
[BlackClock "0:00:12"]

1. d4 Nf6 2. c4 e5 3. dxe5 Ng4 4. Nf3 Bc5 5. e3 Nc6 6. Nc3 Ngxe5 7. Nxe5 Nxe5 8. Be2 Bb4 9. Bd2 O-O 10. O-O d6 11. Nd5 Bxd2 12. Qxd2 Be6 13. Rfd1 Bxd5 14. Qxd5 Nc6 15. c5 Qf6 16. cxd6 cxd6 17. b3 Rad8 18. Rac1 Rfe8 19. Bb5 Re5 20. Qd3 Rc5 21. Bxc6 Rxc6 22. Rxc6 bxc6 23. Qa6 d5 24. Qxa7 h5 25. Qd4 Qxd4 26. Rxd4 Ra8 27. Ra4 Rc8 28. Kf1 Kf8 29. Ke2 Ke7 30. Kd3 Kd6 31. Ra7 Ke6 32. b4 h4 33. Kd4 g5 34. Kc5 f5 35. Rg7 Kf6 36. Rh7 Ra8 37. Rh6+ Ke5 38. Rxc6 Rxa2 39. Rg6 g4 40. f4+ gxf3 41. gxf3 Rc2+ 42. Kb6 Rxh2 43. b5 Rf2 44. f4+ Ke4 45. Re6+ Kf3 46. Kc7 h3 47. b6 Rc2+ 48. Kd7 h2 49. Rh6 Kg2 50. b7 Rb2 51. Kc7 h1=Q 52. Rxh1 Kxh1 53. b8=Q Rxb8 54. Kxb8 Kg2 55. Kc7 Kf3 56. Kd6 Kxe3 57. Kxd5 Kxf4 58. Kd4 Kg3 59. Ke3 f4+ 60. Ke2 Kg2 0-1

[Event "December 19 Early 2023"]
[Site "https://www.chess.com"]
[Date "2023.12.19"]
[Round "6"]
[White "Fishchuk, Vladyslav"]
[Black "Delorme, Axel"]
[Result "0-1"]
[Board "129"]
[TimeControl "180+1"]
[WhiteFideId "34122117"]
[BlackFideId "632023"]
[WhiteElo "2055"]
[BlackElo "2478"]
[WhiteTeam "UKR"]
[BlackTeam "FRA"]
[WhiteClock "0:00:01"]
[BlackClock "0:00:04"]

1. Nc3 d5 2. e4 d4 3. Nce2 e5 4. Ng3 Be6 5. c3 Nc6 6. Bb5 Ne7 7. d3 a6 8. Ba4 Qd7 9. cxd4 Qxd4 10. Nf3 Qd6 11. O-O O-O-O 12. Be3 Qxd3 13. Qc1 Qc4 14. Bb3 Qxc1 15. Bxe6+ fxe6 16. Raxc1 Ng6 17. Ng5 Re8 18. Rfd1 h6 19. Nf3 Bd6 20. Nh5 Rhg8 21. a3 Nf4 22. Bxf4 exf4 23. e5 Bxe5 24. Rxc6 bxc6 25. Nxe5 Rd8 26. Rc1 Rd5 27. Nxc6 Kd7 28. Nxf4 Rd6 29. Ne5+ Kc8 30. Nfg6 Rgd8 31. Ne7+ Kb7 32. g3 Rd1+ 33. Rxd1 Rxd1+ 34. Kg2 Rd2 35. Nc4 Rc2 36. b3 Rc3 37. Ng6 c5 38. Nge5 Kc7 39. Na5 Kd6 40. Nec4+ Kd5 41. Kf1 Kd4 42. Ke2 Rc2+ 43. Kf3 Kd3 44. a4 Rc3 45. h4 g5 46. h5 Kc2+ 47. Kg2 Rxb3 48. Nxb3 Kxb3 49. Nd2+ Kxa4 50. Kf1 Kb4 51. Ke2 Kc3 52. Kd1 a5 53. Kc1 Kd3 54. Nf3 Ke2 55. Nxg5 Kxf2 56. Nf7 Kxg3 57. Nxh6 Kh4 58. Nf7 Kxh5 59. Nd8 e5 60. Ne6 c4 61. Kd2 Kg4 62. Ke3 a4 63. Nc5 a3 64. Ne4 a2 65. Nf2+ Kf5 66. Ne4 a1=Q 67. Nd6+ Ke6 68. Nxc4 Qd4+ 69. Kf3 Qxc4 0-1

[Event "December 19 Early 2023"]
[Site "https://www.chess.com"]
[Date "2023.12.19"]
[Round "6"]
[White "Novikov, Evgenij"]
[Black "Wael Sabry, Mina"]
[Result "1-0"]
[Board "130"]
[TimeControl "180+1"]
[WhiteFideId "4125380"]
[BlackFideId "10670173"]
[WhiteElo "2242"]
[BlackElo "1861"]
[WhiteTeam "RUS"]
[BlackTeam "EGY"]
[WhiteClock "0:01:37"]
[BlackClock "0:02:06"]

1. e4 c5 2. d4 cxd4 3. c3 Nf6 4. e5 Nd5 5. Bc4 Nb6 6. Bb3 d6 7. exd6 Qxd6 8. Nf3 d3 9. O-O Nc6 10. Na3 Bg4 11. Bxf7+ Kxf7 12. Ng5+ Kg6 13. Qxg4 h5 14. Qe4+ Kf6 15. Qf3+ Kg6 16. Qf7+ Kh6 17. Ne4+ 1-0

[Event "December 19 Early 2023"]
[Site "https://www.chess.com"]
[Date "2023.12.19"]
[Round "6"]
[White "Topalov, Aleksandar"]
[Black "Souleidis, Georgios"]
[Result "0-1"]
[Board "131"]
[TimeControl "180+1"]
[WhiteFideId "925659"]
[BlackFideId "4206827"]
[WhiteElo "2151"]
[BlackElo "2401"]
[WhiteTeam "SRB"]
[BlackTeam "GRE"]
[WhiteClock "0:00:03"]
[BlackClock "0:00:02"]

1. b3 d5 2. Bb2 Bf5 3. Nf3 e6 4. g3 Nf6 5. Bg2 c6 6. O-O h6 7. d3 Nbd7 8. Nbd2 Bh7 9. a3 a5 10. c4 Be7 11. Bc3 O-O 12. b4 axb4 13. axb4 Qb6 14. Qb3 Rfc8 15. Ra3 Rxa3 16. Qxa3 dxc4 17. Nxc4 Qc7 18. Qa5 Nd5 19. Bd2 b6 20. Qa3 c5 21. b5 Bg6 22. Ra1 Nb4 23. Qa7 Bf6 24. Qxc7 Rxc7 25. Ra8+ Kh7 26. Bf4 e5 27. Nfxe5 Nxe5 28. Nxe5 Bxe5 29. Bxe5 Re7 30. d4 f6 31. Bd6 Rxe2 32. Bf3 Re1+ 33. Kg2 Bd3 34. g4 Bxb5 35. dxc5 bxc5 36. Bxc5 Bf1+ 37. Kg3 Nd3 38. Bf8 g5 39. Ra7+ Kg8 40. Bxh6 Ne5 41. Bd5+ Kh8 42. Bg7+ Kh7 43. Bxf6+ Kg6 44. Bxe5 Rxe5 45. Rd7 Bb5 46. Rd6+ Kg7 47. f4 Re3+ 48. Bf3 Be2 49. fxg5 Rxf3+ 50. Kh4 Ra3 51. Rd7+ Kg6 52. Rd6+ Kg7 53. h3 Bf1 54. Rd7+ Kg6 55. Rd6+ Kg7 56. Kh5 Rxh3# 0-1

[Event "December 19 Early 2023"]
[Site "https://www.chess.com"]
[Date "2023.12.19"]
[Round "6"]
[White "TitarovVasiliYouTube"]
[Black "Kiselev, Pavel"]
[Result "1/2-1/2"]
[Board "132"]
[TimeControl "180+1"]
[BlackFideId "4191102"]
[WhiteElo "2568"]
[BlackElo "2145"]
[BlackTeam "RUS"]
[WhiteClock "0:00:07"]
[BlackClock "0:00:09"]

1. e4 c5 2. Nf3 Nc6 3. Be2 g6 4. O-O Bg7 5. Re1 d6 6. c3 e6 7. d4 cxd4 8. cxd4 Nge7 9. Nc3 O-O 10. Bg5 Re8 11. Qd2 Qb6 12. Rad1 a6 13. Na4 Qc7 14. Rc1 Qd8 15. Red1 Bd7 16. Nc3 Rc8 17. Qf4 Nxd4 18. Nxd4 e5 19. Qh4 exd4 20. Nd5 Rxc1 21. Rxc1 Qa5 22. Nxe7+ Kf8 23. Qxh7 Qxg5 24. Rd1 Qxe7 25. Bd3 Bb5 26. Bb1 d3 27. f3 Bd4+ 28. Kh1 Qf6 29. Qh6+ Qg7 30. Qg5 Bf6 31. Qd5 Rd8 32. Bxd3 Bxd3 33. Rxd3 Bxb2 34. Rb3 b5 35. h3 Qd4 36. Qg5 Qd1+ 37. Kh2 Be5+ 38. f4 f6 39. Qg3 Qa1 40. fxe5 Qxe5 41. a4 Qxg3+ 42. Kxg3 Rb8 43. axb5 axb5 44. Rb4 Ke7 45. Kf4 Ke6 46. g4 d5 47. h4 dxe4 48. Kxe4 f5+ 49. gxf5+ gxf5+ 50. Kf4 Kf6 51. h5 Rb6 52. h6 Kg6 53. h7 Kxh7 54. Kxf5 Rh6 55. Ke5 Rh5+ 56. Kd6 Kg6 57. Kc6 Kf6 58. Rxb5 Rxb5 59. Kxb5 1/2-1/2

[Event "December 19 Early 2023"]
[Site "https://www.chess.com"]
[Date "2023.12.19"]
[Round "6"]
[White "Himanshu, Sharma"]
[Black "Stankovic, Boris"]
[Result "1-0"]
[Board "134"]
[TimeControl "180+1"]
[WhiteFideId "5007836"]
[BlackFideId "985317"]
[WhiteElo "2307"]
[BlackElo "2265"]
[WhiteTeam "IND"]
[BlackTeam "SRB"]
[WhiteClock "0:00:15"]
[BlackClock "0:00:00"]

1. d4 b6 2. Nc3 Bb7 3. Bf4 e6 4. f3 Nf6 5. e4 Bb4 6. Ne2 d6 7. a3 Bxc3+ 8. Nxc3 Nbd7 9. Qd2 Qe7 10. Nb5 Kd8 11. Be2 a6 12. Nc3 Kc8 13. O-O h5 14. b4 h4 15. a4 h3 16. g3 Rg8 17. Bg5 Nf8 18. e5 dxe5 19. dxe5 Qxb4 20. exf6 gxf6 21. Be3 Ng6 22. Rab1 Qa5 23. Ne4 Qxd2 24. Bxd2 f5 25. Ng5 Ne5 26. Nxh3 Bc6 27. a5 b5 28. Bf4 f6 29. Bxe5 fxe5 30. c4 Rd8 31. cxb5 axb5 32. Bxb5 Bxb5 33. Rxb5 Rd5 34. Rfb1 Rxa5 35. Rxa5 Rxa5 36. Ng5 Kd7 37. h4 c5 38. h5 Ke7 39. Rb6 Kf6 40. Nxe6 c4 41. h6 c3 42. Nd4+ Kg5 43. f4+ exf4 44. gxf4+ Kxf4 45. h7 Ra8 46. Rh6 Rh8 47. Kf2 Ke4 48. Rh4+ f4 49. Nc2 Kd3 50. Ne1+ Kd2 51. Kf1 c2 52. Rh2+ Kd1 53. Nxc2 f3 54. Nd4 f2 55. Ne6 1-0

[Event "December 19 Early 2023"]
[Site "https://www.chess.com"]
[Date "2023.12.19"]
[Round "6"]
[White "Shadhursshaan R"]
[Black "Tao, Sihan"]
[Result "1-0"]
[Board "135"]
[TimeControl "180+1"]
[WhiteFideId "45024138"]
[BlackFideId "30982677"]
[WhiteElo "1760"]
[BlackElo "1943"]
[WhiteTeam "IND"]
[BlackTeam "USA"]
[WhiteClock "0:02:13"]
[BlackClock "0:02:27"]

1. d4 Nf6 2. c4 e6 3. Nf3 d5 4. g3 Bb4+ 5. Bd2 a5 6. Bg2 O-O 7. O-O dxc4 8. Qc2 b5 9. a4 c6 10. axb5 cxb5 11. Bxb4 Bb7 12. Bxf8 1-0

[Event "December 19 Early 2023"]
[Site "https://www.chess.com"]
[Date "2023.12.19"]
[Round "6"]
[White "Hoffmann, Asa"]
[Black "Kashefi, Amir Hosein"]
[Result "0-1"]
[Board "136"]
[TimeControl "180+1"]
[WhiteFideId "2001470"]
[BlackFideId "12557935"]
[WhiteElo "2117"]
[BlackElo "2109"]
[WhiteTeam "USA"]
[BlackTeam "IRI"]
[WhiteClock "0:00:13"]
[BlackClock "0:00:55"]

1. d4 Nf6 2. Bg5 e6 3. Nd2 b6 4. f3 h6 5. Bh4 Be7 6. e4 c5 7. c3 O-O 8. Bd3 d6 9. Ne2 Ba6 10. Bxa6 Nxa6 11. Qa4 Nc7 12. Rd1 Nd7 13. Bf2 a6 14. O-O b5 15. Qc2 d5 16. exd5 Nxd5 17. Ne4 cxd4 18. Nxd4 Rc8 19. Rfe1 N7f6 20. a3 Qc7 21. Bg3 Qa7 22. Qe2 Rfd8 23. Bf2 Nf4 24. Qf1 Qb7 25. g3 N4d5 26. Kg2 Nb6 27. Nd2 Bc5 28. N2b3 Be7 29. Na5 Qa8 30. Qe2 Na4 31. Nxe6 Rxd1 32. Rxd1 fxe6 33. Qxe6+ Kf8 34. Re1 Re8 35. Qf5 Qd5 36. Re5 Qd7 37. Bd4 Qxf5 38. Rxf5 Nxb2 39. Nc6 Nc4 40. Nxe7 Kxe7 41. a4 Rb8 42. axb5 axb5 43. Rc5 Nd7 44. Rc7 g5 45. h4 Kd6 46. Ra7 gxh4 47. gxh4 h5 48. Ra6+ Ndb6 49. f4 Kd5 50. Kf3 Nd2+ 51. Ke2 Nbc4 52. Rh6 Re8+ 53. Kd1 Ke4 54. Rxh5 Kd3 55. Re5 Nxe5 56. Bxe5 Ne4 57. h5 Ra8 58. Kc1 Nxc3 59. h6 Ra2 60. h7 Rc2# 0-1

[Event "December 19 Early 2023"]
[Site "https://www.chess.com"]
[Date "2023.12.19"]
[Round "6"]
[White "Kolmagorov, Alexey"]
[Black "Shuvalov, Evgenij"]
[Result "1-0"]
[Board "137"]
[TimeControl "180+1"]
[WhiteFideId "34129402"]
[BlackFideId "4187237"]
[WhiteElo "1989"]
[BlackElo "2084"]
[WhiteTeam "RUS"]
[BlackTeam "FID"]
[WhiteClock "0:00:05"]
[BlackClock "0:00:30"]

1. Nf3 Nf6 2. c4 g6 3. Nc3 d5 4. cxd5 Nxd5 5. e4 Nxc3 6. bxc3 Bg7 7. Rb1 O-O 8. h4 Bg4 9. Rxb7 c5 10. Be2 Nc6 11. Qa4 Bxf3 12. Bxf3 Ne5 13. Be2 Nd3+ 14. Bxd3 Qxd3 15. Rh3 Qd6 16. Qc4 Rab8 17. Rb3 a5 18. Ba3 Rfd8 19. d3 Qf4 20. h5 a4 21. Rf3 Qxf3 22. Rxb8 Qxg2 23. Rxd8+ Bf8 24. Bxc5 Qh1+ 25. Kd2 Kg7 26. Bd4+ f6 27. Ra8 e5 28. Qc7+ Kh6 29. Rxf8 exd4 30. Rf7 Kg5 31. Qg3+ Kh6 32. Qf4+ g5 33. Qxf6+ Kxh5 34. Rxh7+ Kg4 35. Rxh1 dxc3+ 36. Kxc3 a3 37. Rg1+ Kh3 38. Qh6# 1-0

[Event "December 19 Early 2023"]
[Site "https://www.chess.com"]
[Date "2023.12.19"]
[Round "6"]
[White "Santos, Rafael Ventura Dos"]
[Black "Boor, Carl"]
[Result "1/2-1/2"]
[Board "138"]
[TimeControl "180+1"]
[WhiteFideId "2122227"]
[BlackFideId "2017008"]
[WhiteElo "2138"]
[BlackElo "2330"]
[WhiteTeam "BRA"]
[BlackTeam "USA"]
[WhiteClock "0:00:19"]
[BlackClock "0:00:17"]

1. e4 e5 2. Nf3 Nf6 3. Nxe5 Nxe4 4. Qe2 Qe7 5. d3 Nf6 6. Nc3 d6 7. Nf3 Qxe2+ 8. Bxe2 g6 9. O-O Bg7 10. Re1 O-O 11. h3 a6 12. Bf4 Nc6 13. a3 h6 14. Bf1 Bd7 15. Rad1 Rfe8 16. Bh2 Ne7 17. d4 b5 18. Re3 Ned5 19. Rxe8+ Rxe8 20. Nxd5 Nxd5 21. Bd3 f5 22. c4 Nf6 23. c5 Bf8 24. cxd6 cxd6 25. Rc1 Rc8 26. Rxc8 Bxc8 27. a4 bxa4 28. Bc4+ Kg7 29. Nd2 Bb7 30. Nb1 Bd5 31. Bxa6 Ne4 32. f3 Nf6 33. Nc3 Bb3 34. Bb5 a3 35. bxa3 d5 36. a4 Bb4 37. Ne2 g5 38. Bg3 Bc4 39. Nc1 Bd2 40. Ne2 Kf7 41. Kf2 f4 42. Bh2 Ke6 43. h4 Kd6 44. hxg5 hxg5 45. g3 Be3+ 46. Kg2 Bxe2 47. Bxe2 Kc6 48. gxf4 gxf4 49. Bg1 Bd2 50. Bf2 Kb6 51. Bb5 Nh7 52. Kh3 Ng5+ 53. Kg4 Ne6 54. Kf5 Nc7 55. Bd7 Na6 56. Ke5 Nb4 57. Bh4 Be3 58. Be7 Nc2 59. Bc5+ Ka6 60. Kxd5 Ne1 61. Bb5+ Ka5 62. Ke4 Nc2 63. d5 Bxc5 64. Kxf4 Bd6+ 65. Kf5 Nd4+ 66. Ke4 Nxb5 67. axb5 Kxb5 68. f4 Kc5 69. f5 Be7 70. Ke5 Bh4 71. Ke6 Kb6 72. d6 Kc6 73. d7 Kc7 74. f6 Bxf6 75. Kxf6 Kxd7 1/2-1/2

[Event "December 19 Early 2023"]
[Site "https://www.chess.com"]
[Date "2023.12.19"]
[Round "6"]
[White "Mesquita, Eduardo Barbosa"]
[Black "Herman, Matthew"]
[Result "1-0"]
[Board "139"]
[TimeControl "180+1"]
[WhiteFideId "22757163"]
[BlackFideId "2028964"]
[WhiteElo "1953"]
[BlackElo "2368"]
[WhiteTeam "BRA"]
[BlackTeam "USA"]
[WhiteClock "0:00:53"]
[BlackClock "0:00:09"]

1. e4 e5 2. Nf3 Nc6 3. Bb5 a6 4. Ba4 Nf6 5. d3 b5 6. Bb3 Be7 7. h3 O-O 8. Nbd2 d6 9. c3 Na5 10. Bc2 c5 11. Qe2 Re8 12. O-O Bf8 13. Re1 Bb7 14. Nf1 h6 15. Ne3 d5 16. Nf5 d4 17. Nh2 c4 18. Rd1 Qc7 19. Ng4 Nxg4 20. Qxg4 Re6 21. cxd4 Rg6 22. Qf3 exd4 23. Bf4 Qb6 24. dxc4 Nxc4 25. Rab1 Bc5 26. Qd3 Rd8 27. b4 Bf8 28. a4 Qf6 29. e5 Rxg2+ 30. Kf1 Qg6 31. Nh4 Rg1+ 32. Ke2 Qh5+ 33. f3 Rxd1 34. Qh7# 1-0

[Event "December 19 Early 2023"]
[Site "https://www.chess.com"]
[Date "2023.12.19"]
[Round "6"]
[White "Sanchez Alvares, Kelvin Antonio"]
[Black "Skibbe, Willi"]
[Result "0-1"]
[Board "140"]
[TimeControl "180+1"]
[WhiteFideId "3906680"]
[BlackFideId "4682190"]
[WhiteElo "2217"]
[BlackElo "2351"]
[WhiteTeam "VEN"]
[BlackTeam "GER"]
[WhiteClock "0:00:08"]
[BlackClock "0:01:13"]

1. e4 e5 2. Nf3 Nc6 3. Bc4 Bc5 4. d3 Nf6 5. c3 d6 6. a4 a5 7. Nbd2 h6 8. O-O O-O 9. h3 Ne7 10. Re1 Ng6 11. d4 Bb6 12. Nf1 c6 13. Ng3 exd4 14. cxd4 d5 15. exd5 Nxd5 16. Qb3 Be6 17. Ne4 Ndf4 18. Nc5 Bxc4 19. Qxc4 Qc7 20. Ne5 Rad8 21. h4 Nxe5 22. Rxe5 Bxc5 23. Bxf4 Bd6 24. Re4 Bxf4 25. Rae1 Bh2+ 0-1

[Event "December 19 Early 2023"]
[Site "https://www.chess.com"]
[Date "2023.12.19"]
[Round "6"]
[White "Senft, Sean"]
[Black "Gruzman, Ilya"]
[Result "1-0"]
[Board "141"]
[TimeControl "180+1"]
[WhiteFideId "2044960"]
[BlackFideId "2812703"]
[WhiteElo "2005"]
[BlackElo "1986"]
[WhiteTeam "USA"]
[BlackTeam "ISR"]
[WhiteClock "0:02:08"]
[BlackClock "0:01:37"]

1. d4 g6 2. c4 Bg7 3. Nc3 c5 4. d5 Bxc3+ 5. bxc3 f5 6. e4 fxe4 7. f3 Nf6 8. fxe4 Nxe4 9. Bd3 Nf6 10. Nf3 d6 11. O-O O-O 12. Bh6 Re8 13. Qc2 Bg4 14. Bxg6 Bxf3 15. Rxf3 Kh8 16. Bxh7 Nxh7 17. Rf7 Nf6 18. Qg6 1-0

[Event "December 19 Early 2023"]
[Site "https://www.chess.com"]
[Date "2023.12.19"]
[Round "6"]
[White "Tabuenca Mendataurigoitia, Daniel"]
[Black "Recuero Guerra, Javier"]
[Result "1-0"]
[Board "142"]
[TimeControl "180+1"]
[WhiteFideId "24563617"]
[BlackFideId "2254085"]
[WhiteElo "2130"]
[BlackElo "2208"]
[WhiteTeam "ESP"]
[BlackTeam "ESP"]
[WhiteClock "0:00:22"]
[BlackClock "0:00:00"]

1. Nf3 Nf6 2. g3 b6 3. Bg2 Bb7 4. O-O e6 5. c4 Be7 6. d3 O-O 7. b3 c5 8. e4 d6 9. Nc3 Nc6 10. Be3 e5 11. h3 Nd4 12. Nd5 Nxd5 13. cxd5 f5 14. Bxd4 cxd4 15. Rc1 Qd7 16. h4 Rac8 17. Qd2 f4 18. Kh2 Rxc1 19. Rxc1 Bc8 20. Ng1 Rd8 21. Bh3 Qe8 22. Rc7 Bxh3 23. Nxh3 Rd7 24. Rc6 Qh5 25. Kg2 f3+ 26. Kh2 Qg4 27. b4 h6 28. Ng1 Bxh4 29. Qd1 Be7 30. Qxf3 Qxf3 31. Nxf3 g5 32. g4 Kf7 33. b5 Ke8 34. Ng1 Kd8 35. Ne2 Rc7 36. Ng3 Rxc6 37. dxc6 Bf8 38. Nf5 Kc7 39. Kg2 a6 40. a4 axb5 41. axb5 Kd8 42. Kf1 Kc7 43. Ke2 Kd8 44. Kd1 Kc7 45. Kc2 d5 46. exd5 Bc5 47. Kd1 Bb4 48. Ke2 Bc5 49. Kf3 Bf8 50. Ke4 Bd6 51. Nxh6 1-0

[Event "December 19 Early 2023"]
[Site "https://www.chess.com"]
[Date "2023.12.19"]
[Round "6"]
[White "Kostiukov, Alexandr"]
[Black "Kanyamarala, Tarun"]
[Result "1-0"]
[Board "143"]
[TimeControl "180+1"]
[WhiteFideId "14108100"]
[BlackFideId "45004714"]
[WhiteElo "2112"]
[BlackElo "2318"]
[WhiteTeam "UKR"]
[BlackTeam "IRL"]
[WhiteClock "0:01:39"]
[BlackClock "0:01:37"]

1. g3 d5 2. Bg2 e5 3. c4 dxc4 4. Qa4+ c6 5. Qxc4 Be6 6. Qc2 Nf6 7. Nf3 Nbd7 8. d4 Bd5 9. dxe5 Nxe5 10. O-O Nxf3+ 11. exf3 Be7 12. Nc3 Be6 13. Be3 O-O 14. Rfd1 Qc8 15. Ne4 Bf5 16. Bc5 Qc7 17. Nxf6+ 1-0

[Event "December 19 Early 2023"]
[Site "https://www.chess.com"]
[Date "2023.12.19"]
[Round "6"]
[White "Krzywda, Andrzej"]
[Black "Martin Barcelo, Carles"]
[Result "1-0"]
[Board "144"]
[TimeControl "180+1"]
[WhiteFideId "1114565"]
[BlackFideId "24561444"]
[WhiteElo "2130"]
[BlackElo "2135"]
[WhiteTeam "POL"]
[BlackTeam "ESP"]
[WhiteClock "0:00:11"]
[BlackClock "0:00:10"]

1. e4 e6 2. d4 d5 3. Nc3 Nf6 4. e5 Nfd7 5. f4 c5 6. Nf3 Nc6 7. Be3 Qb6 8. Na4 Qc7 9. dxc5 Qa5+ 10. c3 b5 11. cxb6 axb6 12. b3 b5 13. Nb2 Qxc3+ 14. Qd2 Bb4 15. Kd1 Qxb3+ 16. axb3 Rxa1+ 17. Qc1 Rxc1+ 18. Kxc1 Ba6 19. Kc2 Ke7 20. Nd3 Rc8 21. Kb2 Ba5 22. Be2 Nb4 23. Nxb4 Bxb4 24. Bd4 Bc5 25. Ra1 Bb7 26. Bxb5 Ra8 27. Rxa8 Bxa8 28. Bxd7 Bxd4+ 29. Nxd4 Kxd7 30. Kc3 f6 31. Kb4 g5 32. g3 h5 33. Kc5 h4 34. b4 hxg3 35. hxg3 Bb7 36. Kb6 Bc8 37. b5 Kd8 38. Ka7 gxf4 39. gxf4 fxe5 40. fxe5 Ke7 41. Kb8 Kf7 42. Kxc8 Kg6 43. Kd7 Kg5 44. Kxe6 Kf4 45. Kxd5 1-0

[Event "December 19 Early 2023"]
[Site "https://www.chess.com"]
[Date "2023.12.19"]
[Round "6"]
[White "Mesa Cruz, Juan Carlos"]
[Black "noblerone"]
[Result "1-0"]
[Board "145"]
[TimeControl "180+1"]
[WhiteFideId "6423400"]
[WhiteElo "2142"]
[BlackElo "2506"]
[WhiteTeam "DOM"]
[WhiteClock "0:00:02"]
[BlackClock "0:00:00"]

1. e4 d5 2. exd5 Qxd5 3. Nc3 Qd8 4. Bc4 Nf6 5. d4 a6 6. Nf3 b5 7. Bb3 c5 8. dxc5 Qxd1+ 9. Nxd1 e6 10. Be3 Nfd7 11. a4 b4 12. Bc4 Bxc5 13. b3 Bb7 14. Ke2 Nc6 15. Nb2 Bxe3 16. Kxe3 Nde5 17. Nxe5 Nxe5 18. Be2 Bxg2 19. Rhg1 Bd5 20. f4 Ng6 21. Rad1 Ne7 22. Kf2 O-O 23. Nd3 a5 24. Rd2 Nf5 25. Ne5 Ra7 26. Bd3 Ne7 27. Ng4 Kh8 28. Rg3 g6 29. Nf6 Kg7 30. Ng4 h5 31. Ne3 Rd8 32. f5 exf5 33. Bxf5 Nxf5 34. Nxf5+ Kh7 35. Ne3 Rad7 36. Rg5 Be6 37. Rxd7 Rxd7 38. Rxa5 Rd2+ 39. Kg3 Kh6 40. Rb5 g5 41. Rxb4 h4+ 42. Kf3 Rxh2 43. a5 Rh3+ 44. Ke4 g4 45. a6 g3 46. a7 g2 47. Nxg2 1-0

[Event "December 19 Early 2023"]
[Site "https://www.chess.com"]
[Date "2023.12.19"]
[Round "6"]
[White "Sadovsky, Artem"]
[Black "Koridze, Lile"]
[Result "0-1"]
[Board "146"]
[TimeControl "180+1"]
[WhiteFideId "4155840"]
[BlackFideId "13612514"]
[WhiteElo "2314"]
[BlackElo "2061"]
[WhiteTeam "FID"]
[BlackTeam "GEO"]
[WhiteClock "0:00:00"]
[BlackClock "0:01:38"]

1. Nf3 Nf6 2. e3 e6 3. b3 c5 4. Bb2 b6 5. Be2 Bb7 6. O-O Nc6 7. c4 Be7 8. d4 cxd4 9. Nxd4 O-O 10. Nc3 d5 11. cxd5 Nxd4 12. Qxd4 Bxd5 13. Nxd5 Qxd5 14. Bf3 Qxd4 15. Bxd4 Rac8 16. a4 Nd7 17. Rfd1 Nc5 18. Rab1 Rfd8 19. Be2 f6 20. Bc4 Kf7 21. f4 g6 22. Rbc1 Ne4 23. Bd3 Nc5 24. Bc4 Ne4 25. Ba6 Rxc1 26. Rxc1 Bc5 27. Bd3 Bxd4 28. Rc7+ Kg8 29. exd4 Rxd4 30. Bxe4 Rxe4 31. Rxa7 Rxf4 32. Re7 e5 33. Re6 Rb4 34. Rxf6 Rxb3 35. Re6 Rb4 36. Rxe5 Rxa4 37. Rb5 Ra6 38. Kf2 Kf7 39. Kf3 Ke6 40. Kf4 Kd6 41. Rb1 Kc6 42. Kg5 Ra2 43. Rg1 Ra5+ 0-1

[Event "December 19 Early 2023"]
[Site "https://www.chess.com"]
[Date "2023.12.19"]
[Round "6"]
[White "Buscar, Michael"]
[Black "Reprintsev, Alexander"]
[Result "0-1"]
[Board "147"]
[TimeControl "180+1"]
[WhiteFideId "2603616"]
[BlackFideId "14100541"]
[WhiteElo "2010"]
[BlackElo "2229"]
[WhiteTeam "CAN"]
[BlackTeam "UKR"]
[WhiteClock "0:01:58"]
[BlackClock "0:02:10"]

1. d4 d5 2. c4 e5 3. cxd5 Qxd5 4. dxe5 Qxd1+ 5. Kxd1 Nc6 6. Nf3 Bg4 7. Bf4 O-O-O+ 8. Kc1 Nge7 9. h3 Bxf3 10. exf3 Ng6 11. Bg5 Rd5 12. f4 h6 13. f5 Ngxe5 14. Be3 Bb4 15. Nc3 Bxc3 16. bxc3 Rhd8 17. Be2 Nd3+ 18. Kb1 Rb5+ 19. Kc2 Rb2+ 0-1

[Event "December 19 Early 2023"]
[Site "https://www.chess.com"]
[Date "2023.12.19"]
[Round "6"]
[White "Parfenov, Viktor N."]
[Black "Ernst, Luca"]
[Result "1-0"]
[Board "148"]
[TimeControl "180+1"]
[WhiteFideId "4165969"]
[BlackFideId "45117055"]
[WhiteElo "2093"]
[BlackElo "1973"]
[WhiteTeam "RUS"]
[BlackTeam "FRA"]
[WhiteClock "0:00:19"]
[BlackClock "0:00:02"]

1. e4 c6 2. d4 d5 3. exd5 cxd5 4. c4 Nf6 5. Nc3 g6 6. cxd5 Nxd5 7. Qb3 Nxc3 8. Bc4 e6 9. bxc3 Nc6 10. Bb5 Bd7 11. Nf3 Bg7 12. Ba3 Na5 13. Qa4 b6 14. O-O Bxb5 15. Qxb5+ Qd7 16. Qe2 Bf8 17. Ne5 Qb7 18. Qb5+ Kd8 19. Bc1 f6 20. Nd3 Qc6 21. Qb1 Bd6 22. Bf4 Ke7 23. Re1 Kf7 24. Qd1 h5 25. Qe2 Rae8 26. h3 g5 27. Bxd6 Qxd6 28. Rad1 Rc8 29. Qf3 Kg7 30. Nb4 Rhe8 31. Qxh5 Rxc3 32. Nd3 Rh8 33. Qg4 Kf7 34. d5 exd5 35. Nb4 Rh4 36. Qe2 Rxb4 37. Qe8+ Kg7 38. Re7+ Kh6 39. Qh8+ Kg6 40. Qh7# 1-0

[Event "December 19 Early 2023"]
[Site "https://www.chess.com"]
[Date "2023.12.19"]
[Round "6"]
[White "Rushbrooke, Remy"]
[Black "Hnydiuk, Aleksander"]
[Result "0-1"]
[Board "149"]
[TimeControl "180+1"]
[WhiteFideId "443590"]
[BlackFideId "1109057"]
[WhiteElo "1942"]
[BlackElo "2374"]
[WhiteTeam "ENG"]
[BlackTeam "POL"]
[WhiteClock "0:00:14"]
[BlackClock "0:00:16"]

1. Nf3 Nf6 2. g3 g6 3. Bg2 Bg7 4. d4 O-O 5. c4 c5 6. Nc3 cxd4 7. Nxd4 Nc6 8. O-O Qa5 9. Nb3 Qh5 10. e4 d6 11. Qxh5 Nxh5 12. Nd5 a5 13. Nd2 a4 14. Rb1 Nf6 15. Rd1 Nxd5 16. cxd5 Nb4 17. a3 Nc2 18. Nc4 b5 19. Nb6 Rb8 20. Nxc8 Rfxc8 21. Bg5 Kf8 22. Bf1 b4 23. Bd3 bxa3 24. Bxc2 a2 25. Ra1 Rxc2 26. Rxa2 Rb4 27. Rd2 Rcxb2 28. Rdxb2 Bxb2 29. Bd2 Rb3 30. Rxa4 Kg7 31. Ra2 f6 32. Ra7 Kf7 33. Kg2 Bd4 34. Ra2 f5 35. exf5 gxf5 36. Bg5 Rb5 37. Re2 Be5 38. f4 Bf6 39. Bxf6 Kxf6 40. Rd2 Rb3 41. Kf2 h5 42. Kg2 h4 43. gxh4 Re3 44. Kf2 Rh3 45. Kg2 Rxh4 46. Kg3 Rg4+ 47. Kf3 Rg1 48. Rg2 Rd1 49. h4 Rxd5 50. Rh2 Rd3+ 51. Ke2 Rb3 52. Ke1 Rb1+ 53. Kf2 Rb2+ 54. Kg3 Rxh2 55. Kxh2 Kg6 56. Kg3 Kh5 57. Kh3 e5 0-1

[Event "December 19 Early 2023"]
[Site "https://www.chess.com"]
[Date "2023.12.19"]
[Round "6"]
[White "Kochiev, Ivan"]
[Black "Limontaite, Simona"]
[Result "1-0"]
[Board "150"]
[TimeControl "180+1"]
[WhiteFideId "2917890"]
[BlackFideId "12802506"]
[WhiteElo "2285"]
[BlackElo "2092"]
[WhiteTeam "BUL"]
[BlackTeam "LTU"]
[WhiteClock "0:01:02"]
[BlackClock "0:01:12"]

1. e4 d6 2. d4 Nf6 3. Bd3 c6 4. f4 e5 5. c3 Qb6 6. Nf3 Bg4 7. fxe5 dxe5 8. dxe5 Nfd7 9. Qe2 Nxe5 10. h3 Nxf3+ 11. gxf3 Be6 12. Be3 Qc7 13. Nd2 Nd7 14. f4 Nc5 15. Bc2 f6 16. Bxc5 Bxc5 17. Qh5+ Bf7 18. Qxc5 Qxf4 19. O-O-O Kd8 1-0